 Dungeon Crawl Stone Soup version 0.29-a0-841-g116ddc6ace (webtiles) character file.

Game seed: 9865586889864145198

7794 Pooter the Cleaver (level 11, -2/70 (95) HPs)
             Began as a Minotaur Berserker on July 14, 2022.
             Was a Follower of Trog.
             Killed from afar by Nergalle (11 damage)
             ... with a bolt of negative energy
             ... on level 10 of the Dungeon on July 15, 2022.
             The game lasted 01:04:36 (12620 turns).

Pooter the Cleaver (Minotaur Berserker)            Turns: 12620, Time: 01:04:36

HP:   -2/70 (95)    AC: 18    Str: 25    XL:     11   Next: 1%
MP:   10/10         EV: 10    Int:  6    God:    Trog [*.....]
Gold: 264           SH: 15    Dex: 15    Spells: 10/10 levels left

rFire   . . .      SeeInvis .   a - +0 war axe
rCold   . . .      Faith    .   n - +0 kite shield
rNeg    . . .      Spirit   .   I - +4 plate armour
rPois   .          Reflect  +   (helmet restricted)
rElec   .          Harm     .   F - +1 cloak
rCorr   .          Rampage  .   (no gloves)
Will    .....                   s - +0 pair of boots
Stlth   ..........              p - amulet of reflection
HPRegen 0.21/turn               h - +6 ring of dexterity
MPRegen 0.12/turn               G - +4 ring of evasion

@: on berserk cooldown, slowed, very heavily drained, very slow
A: horns 2, retaliatory headbutt
a: Renounce Religion, Berserk


You were on level 10 of the Dungeon.
You worshipped Trog.
Trog was aware of your devotion.
You visited 2 branches of the dungeon, and saw 12 of its levels.

You collected 567 gold pieces.
You spent 303 gold pieces at shops.

Inventory:

Hand Weapons
 a - a +0 war axe (weapon)
   (You took it off an orc warrior on level 9 of the Dungeon)
 b - a +2 sling of freezing
   (You bought it in a shop on level 1 of the Dungeon)
 c - a +4 flail of freezing
   (You took it off a wight on level 9 of the Dungeon)
 K - a +1 hand axe
   (You took it off a wight on level 6 of the Dungeon)
 L - a +1 hand axe of freezing
   (You took it off an orc on level 7 of the Dungeon)
Missiles
 r - 4 boomerangs
 u - 13 poisoned darts (quivered)
 H - 6 silver boomerangs
 Q - 65 stones
Armour
 n - a +0 kite shield (worn)
   (You found it on level 3 of the Dungeon)
 s - a +0 pair of boots (worn)
   (You found it on level 1 of the Dungeon)
 F - a +1 cloak (worn)
   (You found it on level 8 of the Dungeon)
 I - a +4 plate armour (worn)
   (You took it off an orc warrior on level 9 of the Dungeon)
 J - a +2 chain mail of fire resistance
   (You took it off an orc priest on level 1 of the Orcish Mines)
Jewellery
 h - a +6 ring of dexterity (left hand)
   (You found it on level 2 of the Dungeon)
 p - an amulet of reflection (around neck)
   (You took it off Psyche on level 9 of the Dungeon)
 y - a ring of flight
   (You found it on level 6 of the Dungeon)
 C - a ring of resist corrosion
   (You found it on level 4 of the Dungeon)
 G - a +4 ring of evasion (right hand)
   (You found it on level 8 of the Dungeon)
 N - a ring of positive energy
   (You found it on level 2 of the Dungeon)
Wands
 d - a wand of iceblast (4)
   (You found it on level 4 of the Dungeon)
 f - a wand of flame (28)
   (You found it on level 4 of the Dungeon)
 D - a wand of digging (8)
   (You took it off an orc wizard on level 10 of the Dungeon)
Scrolls
 e - a scroll of fear
 i - a scroll of identify {@r1}
 l - a scroll of magic mapping
 m - a scroll of immolation {!r}
 t - 6 scrolls of teleportation {@r4}
 v - 2 scrolls of noise {!r}
 w - a scroll of blinking
 z - a scroll of summoning
Potions
 g - a potion of resistance {unknown}
 j - 3 potions of cancellation
 k - a potion of berserk rage
 o - 3 potions of degeneration {unknown}
 q - 2 potions of attraction {!q}
 x - a potion of invisibility
 A - a potion of brilliance {unknown}
 B - 3 potions of curing {@q1}
 E - 2 potions of flight {unknown}


   Skills:
 + Level 8.8 Fighting
 * Level 11.8 Axes
 * Level 10.0 Ranged Weapons
 + Level 3.3 Throwing
 - Level 2.4 Armour
 - Level 2.1 Dodging
 - Level 6.0 Shields
 + Level 5.1 Evocations


You had 10 spell levels left.
You didn't know any spells.
Your spell library was empty.

Dungeon Overview and Level Annotations

Branches:
Dungeon (10/15)            Temple (0/1) D:7             Orc (2/2) D:9
   Lair: D:8-11         Elf: Orc:2

Altars:
Ashenzari
Cheibriados
Okawaru
Sif Muna
Vehumet

Shops:
D:1 (   D:9 (   Orc:1 *

Portals:
Trove: D:10 (give +7 demon trident)

Annotations:
D:7 exclusion: statue
D:8 2 runed translucent doors, Drazool's ghost, novice SpAM
D:10 Nergalle
Orc:2 Donald


Innate Abilities, Weirdness & Mutations

You have a pair of horns on your head.
You reflexively headbutt those who attack you in melee.


Message History

You can no longer call upon Trog for regeneration and willpower.
Found a scroll of identify.
There is an open door here.
i - a scroll of identify {@r1};
L - a +1 hand axe of freezing A red film seems to cover your vision as you go berserk!
You feel yourself moving faster!
You feel mighty!
Nergalle shouts!
Nergalle gestures at you while chanting.
The bolt of negative energy hits you!!
You feel drained.
You feel a strong urge to attack something.
There is an open door here.
You slash Nergalle! You block Nergalle's attack.
You closely miss Nergalle. You block Nergalle's attack.
You slash Nergalle! You headbutt Nergalle.
Nergalle points at you and mumbles some strange words.
The bolt of negative energy hits you!!
You feel drained.
You hit Nergalle. You barely miss Nergalle.
Nergalle mutters something.
Nergalle gestures at you while chanting.
The bolt of negative energy hits you!!
You feel drained.
* * * LOW HITPOINT WARNING * * *
You hit Nergalle but do no damage. You block Nergalle's attack.
You barely miss Nergalle. You headbutt Nergalle.
You are no longer berserk.
You are exhausted.
You feel yourself slow down. Nergalle barely misses you.
You furiously retaliate!
You headbutt Nergalle! You closely miss Nergalle.
You headbutt Nergalle, but do no damage.
You block Nergalle's attack.
You closely miss Nergalle. Nergalle hits you with a +0 dagger.
* * * LOW HITPOINT WARNING * * *
You block Nergalle's attack.
Okay, then.
Okay, then.
Okay, then.
You hit Nergalle. Nergalle hits you but does no damage.
You barely miss Nergalle. Nergalle hits you but does no damage.
Nergalle points at you and mumbles some strange words.
The bolt of negative energy hits you!!
You feel drained.
* * * LOW HITPOINT WARNING * * *
You hit Nergalle. Your headbutt misses Nergalle.
You block Nergalle's attack. x2
You closely miss Nergalle. You block Nergalle's attack.
You barely miss Nergalle.
Nergalle points at you and mumbles some strange words.
Orcish apparitions take form around you.
Nergalle gestures at you while chanting.
The bolt of negative energy hits you!
You feel drained.
You die...

......#####..<..>...#
......# #.........#
##+#### #####'#####
#.# #.# #.## #..#
.....# ##.# #########
...[.+ #@# #........
....?# #....oZZ#
+........ .....#
+..Z....# #........
.....# #.......'.
#...<.... .....#
#.......### #........
.....# ##'######
######'## .....# #.
##.# ###### ## #..#
#.##


You could see Nergalle, a spectral orc (summoned) and 2 spectral orc warriors.

Vanquished Creatures
  A two-headed ogre (D:9)
  Pikel (D:7)
  An orc sorcerer (Orc:1)
  Psyche (D:9)
  Grinder (D:3)
  3 wyverns
  A steam dragon (D:9)
  Menkaure (D:4)
  2 wargs (Orc:1)
  An acid dragon (D:10)
  A water moccasin (D:7)
  3 sky beasts
  11 orc warriors
  2 black bears (D:6)
  2 ogres
  2 centaurs
  A phantom (D:5)
  A kobold brigand (D:8)
  Blork the orc (D:5)
  A bullfrog (D:7)
  A necrophage (D:6)
  A gnoll sergeant (D:9)
  6 scorpions
  13 wights
  4 killer bees
  3 jellies
  2 hounds
  2 gnoll boudas
  10 orc priests
  4 iguanas
  14 orc wizards
  15 gnolls
  10 adders
  2 shadow imps
  2 ufetubi (D:5)
  2 worms
  2 dart slugs
  49 orcs
  5 ball pythons
  8 endoplasms
  3 giant cockroaches
  6 goblins
  4 hobgoblins
  7 jackals
  6 quokkas
  3 bats
  3 frilled lizards (D:1)
  11 kobolds
  7 rats
243 creatures vanquished.

Vanquished Creatures (others)
  3 plants (D:2)
3 creatures vanquished.

Grand Total: 246 creatures vanquished

Notes
Turn   | Place    | Note
-------+----------+-------------------------------------------
     0 | D:1      | Pooter the Minotaur Berserker began the quest for the Orb.
     0 | D:1      | Reached XP level 1. HP: 19/19 MP: 0/0
    74 | D:1      | Reached skill level 4 in Axes
   329 | D:1      | Reached XP level 2. HP: 24/27 MP: 1/1
   930 | D:1      | Found Dewn's Antique Weapon Shop.
  1271 | D:2      | Reached XP level 3. HP: 33/33 MP: 2/2
  1286 | D:2      | Reached ** piety under Trog
  1531 | D:2      | Reached skill level 1 in Ranged Weapons
  1802 | D:2      | Found a faded altar of an unknown god.
  2134 | D:3      | You fall into a shaft and drop 1 floor!
  2181 | D:3      | Found an iron altar of Okawaru.
  2388 | D:3      | Reached skill level 5 in Axes
  2388 | D:3      | Reached XP level 4. HP: 41/41 MP: 3/3
  2781 | D:4      | Noticed a scorpion
  2794 | D:4      | Killed a scorpion
  2795 | D:4      | Reached XP level 5. HP: 47/47 MP: 4/4
  2867 | D:4      | Reached skill level 1 in Shields
  3113 | D:4      | Noticed Grinder
  3119 | D:4      | Paralysed by Grinder for 4 turns
  3140 | D:3      | Killed Grinder
  3141 | D:3      | Reached skill level 5 in Fighting
  3141 | D:3      | Reached skill level 6 in Axes
  3141 | D:3      | Reached XP level 6. HP: 12/56 MP: 5/5
  3532 | D:4      | Reached XP level 7. HP: 54/61 MP: 6/6
  3786 | D:4      | Noticed Menkaure
  3790 | D:4      | Killed Menkaure
  3791 | D:4      | Reached skill level 7 in Axes
  3791 | D:4      | Reached skill level 1 in Evocations
  4337 | D:4      | Found a shimmering blue altar of Sif Muna.
  4338 | D:4      | Found a broken altar of Ashenzari.
  4530 | D:5      | Entered Level 5 of the Dungeon
  4545 | D:5      | Reached skill level 5 in Ranged Weapons
  4551 | D:5      | Noticed Blork the orc
  4560 | D:5      | Killed Blork the orc
  4561 | D:5      | Reached XP level 8. HP: 59/70 MP: 7/7
  4847 | D:1      | Bought a runed sling for 135 gold pieces
  5107 | D:5      | Reached skill level 8 in Axes
  6579 | D:6      | Reached XP level 9. HP: 78/78 MP: 8/8
  6582 | D:6      | Reached skill level 9 in Axes
  6649 | D:6      | Reached skill level 5 in Shields
  7318 | D:7      | Found a staircase to the Ecumenical Temple.
  7569 | D:7      | Noticed Pikel
  7581 | D:7      | Killed Pikel
  7614 | D:7      | Found a radiant altar of Vehumet.
  7673 | D:7      | Reached skill level 10 in Axes
  9017 | D:8      | Found a large runed translucent door.
  9017 | D:8      | Found a large runed translucent door.
  9019 | D:8      | Noticed Drazool's ghost (novice SpAM)
  9125 | D:8      | Reached XP level 10. HP: 82/88 MP: 9/9
  9494 | D:8      | Reached skill level 1 in Throwing
  9543 | D:9      | Noticed a two-headed ogre
  9551 | D:9      | Killed a two-headed ogre
 10067 | D:9      | Noticed Psyche
 10183 | D:9      | Found Hujeir's Weapon Emporium.
 10190 | D:9      | Bought 6 silver boomerangs for 135 gold pieces
 10218 | D:9      | Reached skill level 11 in Axes
 10401 | D:9      | Killed Psyche
 10845 | D:9      | Found a staircase to the Orcish Mines.
 10935 | Orc:1    | Entered Level 1 of the Orcish Mines
 11249 | Orc:1    | Noticed an orc sorcerer
 11258 | Orc:1    | Paralysed by an orc sorcerer for 3 turns
 11264 | Orc:1    | Killed an orc sorcerer
 11320 | Orc:1    | Reached skill level 5 in Evocations
 11460 | Orc:1    | Found Qiest's General Store.
 11468 | Orc:1    | Bought a potion of curing for 33 gold pieces
 11674 | Orc:2    | Entered Level 2 of the Orcish Mines
 11683 | Orc:2    | Noticed Donald
 11779 | D:10     | Entered Level 10 of the Dungeon
 11796 | D:10     | Found a snail-covered altar of Cheibriados.
 11798 | D:10     | Noticed Nergalle
 11809 | D:10     | HP: 4/84 [spectral orc knight/+0 halberd[Nergalle] (17)]
 12238 | D:10     | Reached XP level 11. HP: 71/91 MP: 10/10
 12359 | D:10     | Reached skill level 10 in Ranged Weapons
 12386 | D:10     | Found a portal to a secret trove of treasure.
 12620 | D:10     | Killed from afar by Nergalle

Illustrated notes

Levels and vault maps discovered:
D:1:      spicycebolla_arrival_clurvy, layout_basic, serial_shops,
          nicolae_lakefront_shop, bh_walls_and_bars
D:2:      layout_rooms, hellmonk_ecumenical_altar_slurped_away,
          serial_bayou_lagoon_b
D:3:      layout_loops_ring, overflow_temple_1_default, minmay_curled_crystal
D:4:      layout_gridville, mainiacjoe_overflow_divided_tiny,
          minmay_misc_feat_tower, serial_park_tiny_2,
          minmay_misc_feat_nine_boxes, minmay_puff, uniq_grinder, uniq_menkaure
D:5:      layout_basic, serial_curves, eino_curves_02, eino_curves_01,
          grunt_decor_fettered, kennysheep_generic_room_8, uniq_blork_the_orc
D:6:      layout_loops_ring
D:7:      layout_layer_cave, vehumet_statue, minmay_temple_entry_junction,
          uniq_pikel
D:8:      layout_cave_pools, ebering_ghost_disaster_area,
          hangedman_abyss_or_decor_lesser_grid
D:9:      layout_long_grid, david_orc_5, serial_shops,
          nicolae_shop_bloodbath_and_beyond, minmay_misc_feat_encased,
          uniq_psyche
D:10:     layout_roguey, grunt_dithmenos_shadows, cheibriados_altar_1,
          enter_trove_2, uniq_nergalle
Orc:1:    layout_caves, serial_shops, shop, basic_altar
Orc:2:    grunt_orc_cross, layout_diamond_mine, uniq_donald, uniq_jorgrun,
          uniq_maurice

Skill      XL: |  1  2  3  4  5  6  7  8  9 10 11 |
---------------+----------------------------------+-----
Axes           | 4 5 6 7 8 10 11 | 11.8
Fighting       | 4 5 6 7 8 |  8.8
Ranged Weapons | 1 2 3 4 5 6 8 9 10 | 10.0
Shields        | 2 3 4 6 |  6.0
Evocations     | 1 2 4 5 |  5.1
Throwing       | 3 |  3.3
Armour         | |  2.4
Dodging        | |  2.1

Action                   |  1- 3 |  4- 6 |  7- 9 | 10-12 || total
-------------------------+-------+-------+-------+-------++-------
Melee: Hand axe          |    82 |    27 |    54 |    30 ||   193
       Headbutt          |     8 |    10 |    52 |    38 ||   108
       Flail             |       |    18 |       |       ||    18
       Trident           |       |    12 |   238 |       ||   250
       War axe           |       |       |       |   165 ||   165
       Sling             |       |       |       |     3 ||     3
 Fire: Sling             |    24 |    23 |    48 |    38 ||   133
Throw: Stone             |     5 |       |     7 |       ||    12
       Dart              |       |       |     4 |    17 ||    21
Invok: Berserk           |     2 |     3 |    15 |    14 ||    34
       Trog's Hand       |       |     3 |     9 |     4 ||    16
Evoke: Wand              |       |       |     5 |     1 ||     6
  Use: Scroll            |     2 |       |     5 |    10 ||    17
       Potion            |       |     1 |       |     5 ||     6
Armor: Animal skin       |    21 |       |       |       ||    21
       Ring mail         |     3 |    26 |       |       ||    29
       Chain mail        |       |       |   115 |    19 ||   134
       Plate armour      |       |       |       |    64 ||    64
Dodge: Dodged            |    29 |    31 |    74 |    74 ||   208
Block: Kite shield       |       |    27 |   139 |   106 ||   272

Table legend: (Time is in decaauts)
 A = Elapsed time spent in this place.
 B = Non-inter-level travel time spent in this place.
 C = Inter-level travel time spent in this place.
 D = Time resting spent in this place.
 E = Time spent auto-exploring this place.
 F = Levels seen in this place.
 G = Mean time per level.
                   A        B        C        D        E       F      G
               +--------+--------+--------+--------+--------+-----+--------+
         Total |  13062 |  12655 |    407 |   3367 |   6661 |  12 | 1088.5 |
       Dungeon |  12335 |  11928 |    407 |   3086 |   6425 |  10 | 1233.5 |
  Orcish Mines |    726 |    726 |      0 |    280 |    236 |   2 |  363.0 |
               +--------+--------+--------+--------+--------+-----+--------+

Top non-repeatable levels by time:
     D:4: 2175 daAuts
     D:7: 1434 daAuts
     D:9: 1418 daAuts
     D:5: 1225 daAuts
     D:1: 1198 daAuts
     D:8: 1064 daAuts
     D:3: 1032 daAuts
     D:6: 1018 daAuts
     D:2: 908 daAuts
    D:10: 859 daAuts
   Orc:1: 715 daAuts
   Orc:2: 11 daAuts
